 Dungeon Crawl Stone Soup version 0.16-a0-286-g6bac339 (webtiles) character file.

1458 Kashira the Archer (level 8, -5/68 HPs)
             Began as a Centaur Hunter on Aug 28, 2014.
             Was a Believer of Okawaru.
             Killed from afar by ciphuk's ghost (17 damage)
             ... with a stone arrow
             ... on Level 7 of the Dungeon.
             The game lasted 00:39:16 (5833 turns).

Kashira the Archer (Centaur Hunter)                 Turns: 5833, Time: 00:39:16

HP  -5/68        AC  5     Str 17      XL: 8   Next: 47%
MP   6/6         EV 10     Int 10      God: Okawaru [**....]
Gold 276         SH  0     Dex 10      Spells:  0 memorised,  7 levels left

rFire  . . .     SeeInvis .     b - +1 shortbow
rCold  + . .     Clarity  .     d - +0 leather armour
rNeg   . . .     rCorr    .     (no shield)
rPois  .         rRot     .     (no helmet)
rElec  .         Spirit   .     o - +0 cloak
SustAb .         Warding  .     (no gloves)
rMut   .         Stasis   .     (no barding)
Gourm  .                        R - amulet of rage
MR     .....                    (no ring)
                                q - ring of protection from cold

@: very quick, not resistant to hostile enchantments, very unstealthy
A: hooves 3, deformed body, speed 2, robust 1, tough skin 3
a: Heroism, Renounce Religion, Evoke Berserk Rage


You were on level 7 of the Dungeon.
You worshipped Okawaru.
Okawaru was pleased with you.
You were hungry.

You visited 2 branches of the dungeon, and saw 8 of its levels.

You collected 324 gold pieces.
You spent 48 gold pieces at shops.

Inventory:

Hand weapons
 a - a +0 short sword
 b - a +1 shortbow (weapon)
 u - a +0 hunting sling
 x - a +4 quarterstaff of chaos
 K - a +1 flail of protection
 L - the +6 dagger "Peaho" {antimagic, rElec rPois Str+2, unknown}
   (You took it off an orc on level 5 of the Dungeon)

   It disrupts the flow of magical energy around spellcasters and certain
   magical creatures (including the wielder).
   It affects your strength (+2).
   It insulates you from electricity.
   It protects you from poison.
 T - a +1 hand axe of chopping
Missiles
 c - 15 arrows (quivered)
 e - 18 arrows of frost
 k - 19 poisoned needles
 n - 2 needles of paralysis
 p - 3 needles of slowing
 v - 38 sling bullets
 Q - 7 tomahawks
Armour
 d - a +0 leather armour (worn)
 o - a +0 cloak (worn)
 z - a +0 plate armour
 M - the +8 chain mail "Xioruoll" {Str+4 Int+1, unknown}
   (You found it on level 5 of the Dungeon)

   It affects your strength (+4).
   It affects your intelligence (+1).
Magical devices
 N - a wand of polymorph (9)
 O - a wand of lightning (4) {unknown}
 P - a wand of fire (5) {unknown}
Comestibles
 f - 4 bread rations
 j - 2 meat rations
 B - 3 beef jerkies
 C - 3 slices of pizza
 X - a royal jelly
Scrolls
 g - 5 scrolls of identify
 h - 2 scrolls of enchant armour {unknown}
 l - 2 scrolls of noise {unknown}
 r - 2 scrolls of amnesia {unknown}
 t - 4 scrolls of teleportation {unknown}
 w - 2 scrolls of fear {unknown}
 A - a scroll of magic mapping {unknown}
 E - a scroll of random uselessness {unknown}
 G - a scroll of fog {unknown}
 S - a scroll of enchant weapon {unknown}
 U - 2 scrolls of immolation {unknown}
 V - a scroll of remove curse
Jewellery
 q - a ring of protection from cold (left hand)
 y - an uncursed ring of teleportation
 R - an amulet of rage (around neck)
Potions
 i - 5 potions of agility
 m - 2 potions of might
 s - 2 potions of haste
 D - 3 potions of curing
 F - a potion of cancellation {unknown}
 H - a potion of cure mutation
 I - a potion of brilliance {unknown}
 J - a potion of resistance {unknown}
 W - a potion of magic {unknown}


   Skills:
 + Level 2.6 Fighting
 + Level 2.2 Staves
 + Level 11.4 Bows
 + Level 2.4 Armour
 + Level 3.2 Dodging
 + Level 1.2 Stealth
 + Level 0.7 Invocations


You had 7 spell levels left.
You didn't know any spells.

Dungeon Overview and Level Annotations

Branches:
Dungeon (7/15)             Temple (1/1) D:5

Altars:
Ashenzari
Elyvilon
Fedhas
Kikubaaqudgha
Okawaru
Sif Muna
Vehumet
Xom
Yredelemnul
Zin
The Shining One
Jiyva

Shops:
D:5 !

Annotations:
D:4 Kashira's ghost, experienced CeHu
D:7 ciphuk's ghost, experienced DDEE


Innate Abilities, Weirdness & Mutations

You have hooves in place of feet.
Armour fits poorly on your strangely shaped body.
You cover ground very quickly.
You have extremely tough skin (AC +3).
You are robust (+10% HP).


Message History

Ciphuk's ghost is moderately damaged.
Evoke which item? (* to show all) (? for menu, Esc to quit)
Zapping:
N - a long silver wand
Press: ? - help, Shift-Dir - straight line, f/p - ciphuk's ghost
Aim: ciphuk's ghost (moderately damaged) Ciphuk's ghost is unaffected.
N - a wand of polymorph {zapped: 1} Ciphuk's ghost gestures at you while chanting.
The stone arrow hits you!
Ciphuk's ghost points at you and mumbles some strange words.
The stone arrow hits you!
* * * LOW HITPOINT WARNING * * *
You see here a giant frog corpse.
c - 11 arrows (gained 1)
There are no items here.
c - 15 arrows (gained 4)
There are no items here.
Ciphuk's ghost points at you and mumbles some strange words.
The stone arrow hits you!
You die...

.. ###.#####.
.....>....
........... ......
.### .... ...
+######.##.# ###
#........@..##.....
#######.#.......#
#<#.(...#.#
#W#.#.#.....
#.#.#...#.##
#.#........#
#.%........#
#........(..###.
............+


You could see ciphuk's ghost.

Vanquished Creatures
  An orc warrior (D:6)
  2 ogres (D:5)
  A centaur (D:6)
  A sky beast (D:5)
  A giant frog (D:7)
  A scorpion (D:6)
  2 crimson imps
  2 goliath beetles (D:6)
  An orc priest (D:6)
  A giant frog skeleton (D:4)
  A hound (D:5)
  2 jellies
  Crazy Yiuf (D:3)
  An iguana (D:4)
  6 orc wizards
  5 worker ants
  9 adders
  A worker ant zombie (D:5)
  3 shadow imps
  3 worms
  An adder zombie (D:5)
  2 oozes (D:5)
  19 orcs
  8 goblins
  15 hobgoblins
  13 kobolds
  2 quokkas
  A ball python (D:5)
  7 bats
  6 giant cockroaches
  6 giant geckos
  A giant gecko zombie (D:5)
  7 giant newts
  3 jackals (D:6)
  A kobold skeleton (D:4)
  3 kobold zombies (D:5)
  2 orc zombies (D:5)
  A quokka skeleton (D:5)
  12 rats
  A spectral orc (D:5)
156 creatures vanquished.

Notes
Turn   | Place    | Note
--------------------------------------------------------------
     0 | D:1      | Kashira, the Centaur Hunter, began the quest for the Orb.
     0 | D:1      | Reached XP level 1. HP: 16/16 MP: 1/1
   521 | D:1      | Reached XP level 2. HP: 23/23 MP: 2/2
   787 | D:2      | Reached skill level 6 in Bows
  1012 | D:2      | Reached XP level 3. HP: 26/28 MP: 3/3
  1333 | D:2      | Found a shimmering altar of Xom.
  1705 | D:3      | Reached skill level 7 in Bows
  1778 | D:3      | Reached XP level 4. HP: 20/35 MP: 3/3
  2060 | D:3      | Noticed Crazy Yiuf
  2116 | D:3      | Killed Crazy Yiuf
  2198 | D:3      | Reached skill level 8 in Bows
  2198 | D:3      | Reached XP level 5. HP: 38/40 MP: 4/4
  2418 | D:3      | Found a white marble altar of Elyvilon.
  2495 | D:4      | Found an iron altar of Okawaru.
  2504 | D:4      | Became a worshipper of Warmaster Okawaru
  2618 | D:4      | Noticed Kashira's ghost (experienced CeHu)
  2928 | D:4      | Reached skill level 1 in Armour
  3077 | D:5      | Entered Level 5 of the Dungeon
  3411 | D:5      | Reached XP level 6. HP: 40/48 MP: 5/5
  3495 | D:5      | Reached skill level 1 in Staves
  3521 | D:5      | Got a shimmering dagger {antimagic}
  3780 | D:5      | Noticed an ogre
  3817 | D:5      | Killed an ogre
  3820 | D:5      | Reached XP level 7. HP: 53/55 MP: 5/5
  3825 | D:5      | Reached skill level 9 in Bows
  3828 | D:5      | Acquired Okawaru's first power
  3874 | D:5      | Got a steaming chain mail
  3879 | D:5      | Gained mutation: You are robust (+10% HP). [potion of beneficial mutation]
  4254 | D:5      | Noticed an ogre
  4266 | D:5      | Killed an ogre
  4266 | D:5      | Reached skill level 1 in Stealth
  4279 | D:5      | Found a staircase to the Ecumenical Temple.
  4363 | D:5      | Noticed a sky beast
  4439 | D:5      | Killed a sky beast
  4595 | Temple   | Entered the Ecumenical Temple
  4685 | D:5      | Found Oqidgheoz's Distillery.
  4688 | D:5      | Bought 2 potions of curing for 48 gold pieces
  4719 | D:5      | Found a basalt altar of Yredelemnul.
  5147 | D:6      | Reached skill level 10 in Bows
  5147 | D:6      | Reached XP level 8. HP: 56/68 MP: 6/6
  5284 | D:6      | Found a shattered altar of Ashenzari.
  5626 | D:6      | Reached skill level 11 in Bows
  5784 | D:7      | Noticed ciphuk's ghost (experienced DDEE)
  5833 | D:7      | Killed from afar by ciphuk's ghost

Action                   |  1- 3 |  4- 6 |  7- 9 || total
-------------------------+-------+-------+-------++-------
Melee: Short sword       |     1 |       |       ||     1
       Quarterstaff      |       |   118 |    80 ||   198
 Fire: Shortbow          |   126 |    82 |   153 ||   361
Invok: Heroism           |       |       |     1 ||     1
Evoke: Wand              |       |       |     1 ||     1
  Use: Scroll            |       |     4 |     3 ||     7
       Potion            |       |     4 |     1 ||     5
 Stab: Paralysed         |       |     1 |       ||     1
  Eat: Chunk             |     1 |     3 |     3 ||     7
       Bread ration      |       |     1 |       ||     1
